AoeStats
← farmer4510

Fortress

510446046Analyzed
1v1 RM · 1d ago on Oct 1, 2026· 27m 17s· 2 players
Game mode
Random Map
Map size
Small (3 player)
Population
200
Speed
Normal
Resources
Standard
Victory
Conquest
Starting age
Dark Age
Ending age
Imperial Age
RankedLock teamsTeams togetherTeam positionsShared explorationLock speedFull tech treeHidden civsTurbo modeCheats
Victory
Defeat
🇺🇸 Celts · United States
1022
+15
🇨🇳 Mongols · China
998
-15
MilanVincent
5:53 Feudal Age
6:28 Double-Bit Axe
7:16 Horse Collar
13:34 Castle Age
12:00 Gold Mining
13:29 Bloodlines
13:45 Stone Mining
13:50 Fletching
14:05 Padded Archer Armor
14:30 Heavy Plow
14:59 Bow Saw
16:05 Husbandry
18:13 Gold Shaft Mining
17:38 Loom
19:30 Stone Shaft Mining
19:31 Fervor
20:17 Wheelbarrow
20:01 Town Watch
23:25 Hand Cart
28:09 Imperial Age
26:17 Bodkin Arrow
26:37 Leather Archer Armor
26:33 Forging
26:20 Murder Holes
26:48 Ballistics
farmer4510
0:35 Loom
6:21 Feudal Age
11:27 Castle Age
9:33 Double-Bit Axe
10:14 Horse Collar
12:32 Bow Saw
12:46 Heavy Plow
16:52 Wheelbarrow
17:33 Scale Mail Armor
18:01 Forging
17:42 Gambesons
17:53 Arson
17:40 Man-at-Arms
19:12 Chain Mail Armor
18:59 Long Swordsman
21:40 Gold Mining
25:57 Hand Cart
Connection lost

Rejoining the realm…

Still unreachable

The connection could not be restored.

Session expired

The server has moved on; the page needs a fresh start.